 Dungeon Crawl Stone Soup version 0.27.1-2-g3b301248ec (webtiles) character file.

Game seed: 1657775482878535579

1583 somnenie the Fighter (level 8, -6/81 HPs)
             Began as a Gargoyle Fighter on Sept 25, 2021.
             Killed from afar by Maggie (16 damage)
             ... with a bolt of fire
             ... on level 7 of the Dungeon.
             The game lasted 00:13:44 (6628 turns).

somnenie the Fighter (Gargoyle Fighter)             Turns: 6628, Time: 00:13:45

Health: -6/81      AC: 24    Str: 22    XL:     8   Next: 92%
Magic:  8/8        EV:  2    Int:  9    God:
Gold:   148        SH: 10    Dex:  9    Spells: 7/7 levels left

rFire    . . .     SeeInvis .   b - +1 flail (holy)
rCold    . . .     Faith    .   c - +0 kite shield
rNeg     + + +     Spirit   .   (armour currently unavailable)
rPois    ∞         Reflect  .   (helmet currently unavailable)
rElec    .         Harm     .   (cloak currently unavailable)
rCorr    .         Rampage  .   (gloves currently unavailable)
Will     .....     NoTele   +   (boots currently unavailable)
Stlth    +.........             (no amulet)
HPRegen  0.23/turn              (no ring)
MPRegen  0.11/turn              (no ring)

@: tree-form
A: stationary, stasis, torment immunity, boosted hp, sickness immunity, AC +5,
negative energy resistance 1, (electricity resistance), torment resistance 1,
petrification resistance
a: no special abilities


You were on level 7 of the Dungeon.
You were a tree.
You visited 2 branches of the dungeon, and saw 8 of its levels.

You collected 148 gold pieces.

Inventory:

Hand Weapons
 a - a +3 dagger of venom
 b - a +1 flail of holy wrath (weapon)
Missiles
 i - 5 boomerangs of dispersal
 l - 3 poisoned darts (quivered)
Armour
 c - a +0 kite shield (worn)
 e - a +0 scale mail (melded)
 g - a +0 pair of boots (melded)
 o - a +0 helmet (melded)
Wands
 s - a wand of iceblast (8)
Scrolls
 j - 3 scrolls of enchant weapon
 n - a scroll of vulnerability
 p - a scroll of magic mapping
 r - a scroll of identify
 t - a scroll of teleportation
Potions
 d - a potion of might
 h - a potion of lignification
 k - 4 potions of brilliance
 q - a potion of curing


   Skills:
 - Level 8.0 Fighting
 + Level 7.6 Maces & Flails
 - Level 3.2 Armour
 - Level 6.0 Shields


You had 7 spell levels left.
You didn't know any spells.
Your spell library was empty.

Dungeon Overview and Level Annotations

Branches:
Dungeon (7/15)             Temple (1/1) D:6

Altars:
Ashenzari
Cheibriados
Dithmenos
Elyvilon
Fedhas
Gozag
Hepliaklqana
Makhleb
Qazlal
Ru
Sif Muna
Uskayaw
Wu Jian
Xom
Yredelemnul
The Shining One

Annotations:
D:7 Maggie


Innate Abilities, Weirdness & Mutations

You are a tree.
Your roots penetrate the ground, keeping you stationary.
You cannot be teleported.
You are immune to unholy pain and torment.
Your maximum health is greatly increased.
Your equipment is partially melded.
You are immune to sickness and miasma.
((Your stone body is resilient. (AC +5)))
You are immune to poison.
You resist negative energy. (rN+)
((You are resistant to electric shocks. (rElec)))
You are resistant to unholy torment.
You are immune to petrification.


Message History

* * * LOW HITPOINT WARNING * * *
You take 15 damage, and have 22/81 hp.
You hit Maggie but do no damage.
Maggie is lightly wounded.
Maggie hits you but does no damage.
You closely miss Maggie.
Maggie is moderately wounded.
Maggie hits you but does no damage.
You sock Maggie!
Maggie is moderately wounded.
You block Maggie's attack.
Maggie hits you with a +1 vorpal war axe.
* * * LOW HITPOINT WARNING * * *
x2 You take 6 damage, and have 17/81 hp.
You hit Maggie.
Maggie is heavily wounded.
Maggie hits you but does no damage.
You closely miss Maggie.
Maggie is heavily wounded.
Maggie looks more healthy.
Maggie says, "Fear not.
I will immortalize you in the tale of my first kill."
You block Maggie's attack.
You closely miss Maggie.
Maggie is heavily wounded.
Maggie hits you but does no damage.
Okay, then.
Unknown command.
Okay, then.
Okay, then.
You sock Maggie!
Maggie is severely wounded.
You break out of your daze.
Maggie hits you with a +1 vorpal war axe!
* * * LOW HITPOINT WARNING * * *
x2 You take 9 damage, and have 9/81 hp.
You closely miss Maggie.
Maggie is severely wounded.
Maggie gestures at you while chanting. The bolt of fire hits you!
You die...

.....<...# ###.#
......Y..# ...+
...Y.....# ...#
..Y......# ..#
.........# ..#
Y........# #+.#
#####..... ##..#
#.....# #...#
#.♣.#######+
###@........
................
.......(........
................
................
...>............
.....@..........
................


You could see Maggie.

Vanquished Creatures
  A yak (D:6)
  Menkaure (D:7)
  2 water moccasins
  A sky beast (D:6)
  3 ogres
  A phantom (D:6)
  A bullfrog (D:6)
  A kobold brigand (D:6)
  A scorpion (D:7)
  A water moccasin zombie (D:5)
  A howler monkey (D:7)
  A centaur zombie (D:6)
  A hound (D:6)
  A jelly (D:6)
  A bullfrog skeleton (D:5)
  A bullfrog zombie (D:5)
  2 centaur skeletons
  An orc wizard (D:6)
  A killer bee zombie (D:6)
  A hound skeleton (D:4)
  6 adders
  A white imp (D:6)
  A worm (D:3)
  10 orcs
  10 ball pythons
  4 bats
  6 endoplasms
  3 giant cockroaches
  6 goblins
  6 hobgoblins
  6 jackals
  2 quokkas
  12 kobolds
  4 rats
101 creatures vanquished.

Notes
Turn   | Place    | Note
-------+----------+-------------------------------------------
     0 | D:1      | somnenie the Gargoyle Fighter began the quest for the Orb.
     0 | D:1      | Reached XP level 1. HP: 14/14 MP: 1/1
   449 | D:1      | Reached XP level 2. HP: 19/19 MP: 2/2
  1464 | D:2      | Reached XP level 3. HP: 23/23 MP: 3/3
  1794 | D:2      | Found a faded altar of an unknown god.
  2943 | D:3      | Found an opulent altar of Gozag.
  2943 | D:3      | Found a burning altar of Makhleb.
  2945 | D:3      | Found a basalt altar of Yredelemnul.
  2945 | D:3      | Found a broken altar of Ashenzari.
  3038 | D:3      | Reached XP level 4. HP: 29/29 MP: 4/4
  3438 | D:4      | Reached skill level 4 in Fighting
  3542 | D:4      | Noticed an ogre
  3589 | D:4      | Killed an ogre
  3590 | D:4      | Reached XP level 5. HP: 25/34 MP: 5/5
  4085 | D:4      | Found a shadowy altar of Dithmenos.
  4313 | D:4      | Noticed an ogre
  4322 | D:4      | Killed an ogre
  4323 | D:4      | Reached skill level 5 in Fighting
  4323 | D:4      | Reached skill level 5 in Shields
  4323 | D:4      | Reached XP level 6. HP: 35/40 MP: 6/6
  4401 | D:5      | Entered Level 5 of the Dungeon
  4452 | D:5      | Noticed a water moccasin
  4460 | D:5      | Killed a water moccasin
  4528 | D:5      | Reached XP level 7. HP: 36/45 MP: 7/7
  4660 | D:5      | Reached skill level 6 in Fighting
  5245 | D:5      | Found a stormy altar of Qazlal.
  5605 | D:6      | Found a staircase to the Ecumenical Temple.
  5629 | Temple   | Entered the Ecumenical Temple
  6075 | D:6      | Reached skill level 7 in Fighting
  6147 | D:6      | Found a hide-covered altar of Uskayaw.
  6194 | D:6      | Reached XP level 8. HP: 52/54 MP: 8/8
  6275 | D:6      | Reached skill level 8 in Fighting
  6275 | D:6      | Reached skill level 5 in Maces & Flails
  6439 | D:7      | Noticed a yak
  6439 | D:7      | Noticed a yak
  6439 | D:7      | Noticed a yak
  6439 | D:7      | Noticed a yak
  6439 | D:7      | Noticed a yak
  6459 | D:6      | Killed a yak
  6553 | D:7      | Noticed Maggie
  6558 | D:7      | Noticed Menkaure
  6563 | D:7      | Killed Menkaure
  6628 | D:7      | Killed from afar by Maggie

Illustrated notes

Levels and vault maps discovered:
D:1:      beargit_arrival_diablo_church, layout_basic
D:2:      layout_loops_corners, dreamdust_ecumenical_altar_statues,
          minmay_hedge_maze
D:3:      layout_loops_corners, mainiacjoe_overflow_alcove_3
D:4:      layout_basic, kennysheep_little_box
D:5:      layout_basic, overflow_temple_1_default
D:6:      layout_cave_pools, mainiacjoe_overflow_chevrons,
          minmay_temple_entry_arrows
D:7:      layout_gridville, okawaru_trees_2, minmay_door_square, st_stairs_6,
          uniq_menkaure, uniq_maggie
Temple:   compressed_dpeg_triangle_lava_temple

Skill      XL: |  1  2  3  4  5  6  7  8 |
---------------+-------------------------+-----
Maces & Flails | 3 4 7 |  7.6
Fighting       | 4 5 7 8 |  8.0
Shields        | 4 5 6 |  6.0
Armour         | |  3.2

Action                   |  1- 3 |  4- 6 |  7- 9 || total
-------------------------+-------+-------+-------++-------
Melee: Flail             |   150 |    62 |   107 ||   319
       Dagger            |       |    22 |    52 ||    74
Throw: Dart              |    16 |    16 |    18 ||    50
Evoke: Wand              |       |       |     1 ||     1
  Use: Scroll            |     1 |       |     5 ||     6
       Potion            |       |     1 |     4 ||     5
Armor: Scale mail        |    74 |    47 |    82 ||   203
       Skin              |       |       |     8 ||     8
Dodge: Dodged            |    44 |    21 |    38 ||   103
Block: Kite shield       |    67 |    42 |    89 ||   198
